 Dungeon Crawl Stone Soup version 0.28.0-47-ge53b351184 (webtiles) character file.

Game seed: 14948871362780286297

76 Iusername the Skirmisher (level 4, 0/36 HPs)
             Began as a Human Fighter on May 9, 2022.
             Frozen to death by an endoplasm (3 damage)
             ... on level 3 of the Dungeon.
             The game lasted 00:02:42 (2109 turns).

Iusername the Skirmisher (Human Fighter)            Turns: 2109, Time: 00:02:42

Health: 0/36       AC:  8    Str: 19    XL:     4   Next: 57%
Magic:  4/4        EV:  9    Int:  8    God:
Gold:   50         SH:  4    Dex: 12    Spells: 3/3 levels left

rFire   . . .      SeeInvis .   a - +0 long sword
rCold   . . .      Faith    .   c - +0 buckler
rNeg    . . .      Spirit   .   b - +0 scale mail
rPois   .          Reflect  .   (no helmet)
rElec   .          Harm     .   (no cloak)
rCorr   .          Rampage  .   d - +0 pair of gloves
Will    .....                   (no boots)
Stlth   ..........              (no amulet)
HPRegen 0.12/turn               (no ring)
MPRegen 0.09/turn               (no ring)

@: no status effects
A: no striking features
a: no special abilities


You were on level 3 of the Dungeon.
You visited 1 branch of the dungeon, and saw 3 of its levels.

You collected 50 gold pieces.

Inventory:

Hand Weapons
 a - a +0 long sword (weapon)
Armour
 b - a +0 scale mail (worn)
 c - a +0 buckler (worn)
 d - a +0 pair of gloves (worn)
Jewellery
 f - an amulet of faith
Scrolls
 e - 5 scrolls of fog {unknown}
 h - a scroll of teleportation {unknown}
 i - a scroll of brand weapon {unknown}
 j - a scroll of identify {unknown}
Potions
 g - a potion of heal wounds {unknown}
 k - a potion of invisibility {unknown}


   Skills:
 + Level 3.6 Fighting
 + Level 2.7 Long Blades
 + Level 3.5 Armour
 + Level 3.5 Shields


You had 3 spell levels left.
You didn't know any spells.
Your spell library was empty.

Dungeon Overview and Level Annotations

Branches:
Dungeon (3/15)

Altars:


Message History

The endoplasm freezes you.
You are frozen.
* * * LOW HITPOINT WARNING * * *
You closely miss the jackal.
The jackal bites you but does no damage.
The jackal barely misses you.
The jackal bites you but does no damage. x2
The jackal barely misses you.
The endoplasm jiggles.
The endoplasm freezes you.
You are frozen.
* * * LOW HITPOINT WARNING * * *
The jackal completely misses you.
You slash the jackal!
You kill the jackal!
The jackal completely misses you.
The jackal bites you but does no damage.
The endoplasm hits you but does no damage.
You block the jackal's attack. The jackal barely misses you.
The jackal barely misses you. The endoplasm freezes you.
You are frozen.
* * * LOW HITPOINT WARNING * * *
You block the jackal's attack. You block the jackal's attack.
The endoplasm barely misses you. The jackal barely misses you.
The jackal barely misses you.
Found a stone staircase leading down.
The jackal bites you but does no damage.
The jackal bites you.
* * * LOW HITPOINT WARNING * * *
The jackal bites you but does no damage.
The jackal closely misses you.
You closely miss the jackal. The jackal barely misses you.
You block the jackal's attack. The endoplasm closely misses you.
The jackal bites you but does no damage. x2
You barely miss the jackal. The endoplasm freezes you.
You are frozen.
You die...

+.............#
#.............#
#..............
#.............#
#..........>..
##............
#†......h.#
#.......h@#
#.......J.#
#.........#
#.........#
#.........+
+.........#
#.........#
#.........#


You could see an endoplasm and 2 jackals.

Vanquished Creatures
  Terence (D:2)
  An adder (D:2)
  A dart slug (D:2)
  2 endoplasms
  6 goblins
  4 hobgoblins
  4 jackals (D:3)
  2 quokkas
  4 ball pythons
  5 bats
  2 frilled lizards (D:1)
  3 kobolds
  3 rats (D:1)
38 creatures vanquished.

Notes
Turn   | Place    | Note
-------+----------+-------------------------------------------
     0 | D:1      | Iusername the Human Fighter began the quest for the Orb.
     0 | D:1      | Reached XP level 1. HP: 18/18 MP: 1/1
   119 | D:1      | Reached XP level 2. HP: 23/24 MP: 2/2
   781 | D:2      | Reached XP level 3. HP: 19/29 MP: 3/3
  1354 | D:2      | Noticed Terence
  1365 | D:2      | Killed Terence
  1366 | D:2      | Reached XP level 4. HP: 23/35 MP: 4/4
  2109 | D:3      | Frozen to death by an endoplasm

Illustrated notes

Levels and vault maps discovered:
D:1:      minmay_arrival_hallway, layout_basic
D:2:      layout_loops_ring, uniq_terence
D:3:      layout_basic, ebering_ecumenical_altar_hall

Action                   |  1- 3 |  4- 6 || total
-------------------------+-------+-------++-------
Melee: Long sword        |    88 |    18 ||   106
  Use: Potion            |     1 |       ||     1
Armor: Scale mail        |    52 |    49 ||   101
Dodge: Dodged            |    37 |    44 ||    81
Block: Buckler           |    26 |    14 ||    40
